Map: Overgrown Facility

Players

Quarfelburg

  • Race: Zerg Zerg
  • Spawn Location: 7:00

Calahua

  • Race: Protoss Protoss
  • Spawn Location: 9:00

OpuS - Winner!

  • Race: Protoss Protoss
  • Spawn Location: 1:00

Sketchaphone - Winner!

  • Race: Zerg Zerg
  • Spawn Location: 3:00

VOD

Have the link to the VOD?

Description

Time

  • Played on: Jan. 22, 2019, 4:25 p.m.
  • Length: 14:27
Show
View Real Time Build Order
Export as new Build Order

Quarfelburg Zerg 

Build Orders: Hatch First, Muta Ling Bane 

Get SALT Encoding   

  12  0:01  Drone  
  13  0:13  Overlord  
  13  0:18  Drone  
  14  0:32  Drone  
  15  0:48  Hatchery  
  14  0:51  Drone  
  15  0:57  Drone  
  15  0:58  Drone  
  17  1:11  Extractor  
  16  1:16  Spawning Pool  
  15  1:19  Drone  
  15  1:22  Drone  
  17  1:29  Drone  
  18  1:35  Drone  
  19  2:04  Queen x2  
  19  2:07  Zergling x2  
  19  2:08  Zergling x2  
  25  2:11  Drone  
  25  2:14  Drone x2  
  28  2:18  Overlord  
  28  2:30  Overlord  
  28  2:33  Metabolic Boost  
  28  2:38  Baneling Nest  
  27  2:47  Drone x2  
  27  2:50  Drone  
  27  2:51  Drone  
  31  2:56  Drone  
  31  2:58  Drone  
  32  3:06  Zergling x2  
  32  3:07  Zergling x2  
  34  3:14  Spine Crawler  
  32  3:21  Queen  
  32  3:23  Zergling x2  
  32  3:24  Zergling x8  
  36  3:34  Zergling x2  
  36  3:35  Zergling x4  
  36  3:38  Zergling x2  
  36  3:39  Zergling x2  
  41  3:49  Zergling x4  
  44  4:10  Drone  
  44  4:15  Overlord  
  44  4:17  Lair  
  44  4:25  Hatchery  
  44  4:29  Zergling x4  
  44  4:38  Zergling x2  
  44  4:39  Zergling x6  
  47  4:51  Zergling x8  
  47  4:52  Zergling x4  
  51  4:56  Overlord  
  51  4:57  Overlord  
  43  5:18  Drone x2  
  43  5:19  Drone x2  
  42  5:39  Drone x4  
  45  5:44  Baneling x6  
  45  5:48  Zergling x2  
  45  5:49  Zergling x6  
  47  5:53  Spine Crawler  
  47  5:54  Drone  
  47  5:55  Queen  
  49  5:58  Zergling x4  
  49  5:59  Zergling x2  
  51  6:29  Baneling  
  51  6:30  Baneling x3  
  49  6:34  Drone  
  49  6:35  Drone x2  
  49  6:38  Extractor  
  49  6:39  Drone  
  52  6:40  Drone x2  
  52  6:42  Drone x3  
  52  6:44  Extractor  
  52  6:46  Extractor  
  55  6:49  Drone  
  56  7:22  Baneling x3  
  56  7:26  Centrifical Hooks  
  56  7:31  Zergling x2  
  56  7:32  Zergling x14  
  56  7:33  Drone  
  56  7:34  Drone x2  
  56  7:35  Extractor  
  66  7:58  Drone x3  
  69  8:01  Drone x2  
  69  8:02  Drone  
  69  8:05  Spire, Drone x3  
  74  8:08  Overlord x2  
  74  8:27  Drone  
  74  8:28  Drone x4  
  74  8:32  Extractor  
  78  8:58  Zergling x10  
  78  8:59  Overlord x2  
  78  9:00  Overlord x3  
  76  9:05  Hatchery  
  68  9:17  Mutalisk x7  
  68  9:23  Mutalisk  
  68  9:24  Mutalisk x4  
  92  9:35  Drone  
  93  9:42  Drone  
  93  9:43  Drone x2  
  93  9:48  Zergling x2  
  93  9:49  Zergling x6  
  93  9:52  Baneling x6  
  97  9:53  Baneling x4  
  97  9:55  Zergling x14  
  104  10:03  Zergling x4  
  106  10:08  Zergling x4  
  106  10:10  Baneling x2  
  108  10:14  Baneling  
  108  10:15  Baneling x3  
  108  10:22  Overlord x3  
  108  10:38  Overlord x2  
  108  10:54  Zergling x24  
  108  10:55  Zergling x12  
  117  11:12  Zergling x2  
  117  11:13  Zergling x8  
  115  11:31  Overseer, Mutalisk  
  115  11:32  Mutalisk x6  
  100  11:50  Overseer x2  
  82  12:20  Zergling x22  
  82  12:21  Zergling x6  
  77  12:34  Mutalisk  
  77  12:35  Mutalisk x3  
  61  13:04  Spire  
  42  13:26  Drone x3  
  45  13:33  Drone x2  
  45  13:34  Drone  
  48  13:37  Queen, Drone x3  
  53  13:41  Queen, Drone  
  53  13:43  Queen  
  53  13:45  Drone  
  59  14:10  Baneling Nest  
Show
View Real Time Build Order
Export as new Build Order

Calahua Protoss 

Build Orders:  

Get SALT Encoding   

  1  0:00  Probe  
  12  0:05  Probe  
  14  0:20  Pylon  
  14  0:34  Probe  
  15  0:42  Gateway  
  15  0:46  Probe  
  15  0:48  Assimilator  
  16  1:03  Probe  
  17  1:17  Probe  
  18  1:32  Cybernetics Core  
  18  1:33  Gateway  
  18  1:41  Probe  
  18  1:44  Assimilator  
  19  1:50  Gateway  
  19  1:53  Probe  
  20  2:02  Pylon  
  20  2:06  Probe  
  21  2:10  Stalker  
  23  2:18  Pylon  
  23  2:22  Probe  
  24  2:31  Stalker  
  26  2:40  Stalker  
  28  2:50  Stalker  
  30  3:02  Pylon  
  30  3:05  Stalker  
  32  3:19  Stalker x2  
  36  3:42  Probe  
  37  4:02  Warp Gate  
  37  4:07  Nexus  
  37  4:24  Stalker x2  
  41  5:03  Probe  
  38  5:15  Probe  
  39  5:26  Probe  
  39  5:28  Probe  
  31  5:38  Probe  
  31  5:40  Probe  
  31  5:42  Twilight Council  
  33  5:49  Blink  
  33  5:50  Probe  
  33  5:51  Probe  
  33  5:52  Stalker  
  33  5:53  Stalker x2  
  41  5:59  Probe  
  41  6:00  Assimilator  
  41  6:02  Probe  
  43  6:07  Probe  
  44  6:15  Probe  
  44  6:18  Probe  
  46  6:27  Probe  
  46  6:30  Probe  
  46  6:32  Zealot x2  
  50  6:35  Zealot  
  50  6:39  Probe  
  55  6:42  Probe  
  55  6:45  Nexus  
  56  6:47  Assimilator  
  56  6:51  Probe  
  57  6:54  Probe  
  57  6:56  Gateway x2  
  57  6:58  Forge  
  58  7:03  Probe  
  58  7:06  Probe  
  58  7:08  Pylon  
  60  7:22  Templar Archives  
  60  7:38  Probe x2  
  57  7:49  Charge  
  57  7:50  Probe x2  
  41  8:02  Zealot x3  
  41  8:03  Zealot x2  
  38  8:27  Zealot  
  38  8:28  Zealot x4  
  48  8:37  Probe  
  49  8:50  Probe  
  50  8:57  Nexus  
  50  9:02  Probe  
  51  9:14  Probe  
  48  9:26  Probe  
  49  9:31  High Templar x3  
  49  9:37  Archon  
  55  9:40  Pylon  
  55  9:42  Pylon  
  55  9:44  Pylon  
  55  9:46  Pylon  
  55  9:58  Probe  
  56  10:06  High Templar x2  
  56  10:07  High Templar x3  
  64  10:10  Probe  
  67  10:22  Probe  
  67  10:23  Archon x2  
  67  10:25  Archon  
  64  10:43  Zealot  
  64  10:44  Zealot x2  
  48  10:58  Zealot x2  
  40  11:07  Zealot x3  
  21  11:42  Pylon  
Show
View Real Time Build Order
Export as new Build Order

OpuS Protoss - Winner!

Build Orders:  

Get SALT Encoding   

  12  0:01  Probe  
  13  0:13  Probe  
  14  0:20  Pylon  
  14  0:25  Probe  
  15  0:38  Probe  
  15  0:41  Gateway  
  16  0:46  Probe  
  16  0:54  Probe  
  17  1:02  Assimilator  
  18  1:12  Gateway  
  18  1:16  Probe  
  18  1:23  Pylon  
  18  1:24  Probe  
  19  1:28  Zealot  
  22  1:43  Probe  
  23  1:49  Cybernetics Core  
  23  1:53  Zealot  
  23  1:55  Zealot  
  25  2:08  Assimilator  
  27  2:14  Probe  
  28  2:25  Warp Gate  
  28  2:26  Probe  
  29  2:38  Probe  
  30  2:50  Nexus  
  30  2:57  Pylon  
  30  3:04  Pylon  
  28  3:21  Stalker  
  28  3:22  Stalker  
  32  3:32  Probe  
  29  3:43  Gateway  
  29  3:45  Probe  
  30  3:54  Stalker x2  
  34  4:01  Probe  
  35  4:16  Robotics Facility  
  35  4:39  Stalker x3  
  35  4:43  Probe  
  35  4:44  Probe  
  35  5:14  Stalker x3  
  35  5:16  Immortal  
  43  5:22  Gateway  
  43  5:23  Probe x2  
  45  5:38  Zealot x2  
  45  5:40  Zealot  
  51  5:52  Probe x2  
  51  5:55  Assimilator  
  53  5:58  Pylon, Assimilator  
  53  6:01  Immortal  
  57  6:04  Probe  
  58  6:17  Zealot x3  
  58  6:18  Zealot  
  66  6:23  Pylon  
  66  6:26  Shield Battery  
  66  6:29  Pylon  
  66  6:33  Probe x2  
  66  6:39  Sentry  
  70  6:45  Sentry x3, Probe  
  77  6:54  Probe  
  77  6:57  Probe  
  77  7:01  Twilight Council  
  79  7:06  Probe  
  80  7:11  Immortal  
  80  7:13  Probe  
  85  7:18  Probe  
  86  7:33  Pylon  
  86  7:35  Pylon  
  86  7:37  Pylon  
  86  7:39  Pylon  
  86  7:51  Probe  
  86  7:58  Stalker x4  
  95  8:00  Immortal  
  89  8:26  Charge  
  85  8:30  Stalker x3  
  85  8:31  Stalker  
  89  8:59  Nexus  
  89  9:02  Pylon  
  89  9:03  Pylon  
  89  9:05  Assimilator  
  89  9:08  Assimilator  
  89  9:09  Zealot x3  
  95  9:11  Zealot  
  97  9:29  Templar Archives  
  97  9:33  Gateway  
  97  9:34  Gateway  
  97  9:38  Gateway  
  97  9:41  Gateway  
  97  9:46  Probe x2  
  97  9:49  Zealot x2  
  103  9:55  Zealot x2  
  107  10:07  Probe x2  
  109  10:19  Probe  
  109  10:20  Probe  
  111  10:21  Probe  
  111  10:23  Zealot x3  
  118  10:28  Zealot  
  118  10:31  Probe  
  118  10:32  Probe  
  111  10:35  Stalker  
  91  10:55  Stalker  
  91  10:56  Stalker x3  
  51  11:24  High Templar x4  
  51  11:25  High Templar x3  
  45  11:43  Archon x3  
  45  11:44  High Templar  
  47  12:17  Archon  
  47  12:38  Probe  
  32  13:24  Probe  
  25  13:27  Probe  
  20  13:44  High Templar x2  
  20  13:48  Archon  
  24  13:50  Probe x2  
  24  13:51  Probe  
  27  14:07  Probe  
  28  14:12  Probe  
Show
View Real Time Build Order
Export as new Build Order

Sketchaphone Zerg - Winner!

Build Orders: Hatch First 

Get SALT Encoding   

  12  0:01  Drone  
  13  0:13  Overlord  
  13  0:20  Drone  
  14  0:31  Drone x2  
  17  0:35  Drone  
  17  0:57  Hatchery  
  16  1:01  Drone  
  16  1:02  Extractor  
  16  1:05  Drone  
  17  1:23  Spawning Pool  
  16  1:28  Drone  
  17  1:38  Drone  
  18  1:41  Drone x2  
  20  1:50  Overlord  
  20  2:05  Overlord  
  20  2:10  Metabolic Boost  
  20  2:14  Zergling x4  
  22  2:22  Zergling x2  
  23  2:23  Zergling x2  
  23  2:28  Queen  
  26  2:35  Queen  
  28  2:38  Zergling x4  
  28  2:40  Drone  
  31  2:50  Drone  
  32  2:54  Drone  
  33  3:00  Drone  
  33  3:04  Drone  
  35  3:18  Drone  
  35  3:19  Drone  
  35  3:38  Overlord, Drone x2  
  37  3:41  Hatchery  
  36  3:56  Overlord x2  
  36  4:02  Drone x4  
  40  4:09  Spine Crawler  
  39  4:14  Spine Crawler x2  
  38  4:19  Spine Crawler x3  
  38  4:20  Spine Crawler  
  38  4:21  Zergling x6  
  38  4:22  Spine Crawler  
  36  4:26  Drone  
  36  4:30  Zergling x2  
  36  4:31  Zergling x4  
  40  4:32  Zergling x2  
  36  4:57  Zergling x12  
  37  5:00  Zergling x6  
  37  5:05  Zergling x6  
  39  5:24  Drone  
  39  5:25  Drone x3  
  42  5:34  Drone x2  
  44  5:36  Drone  
  44  5:37  Drone  
  44  5:39  Drone  
  47  5:50  Drone x2  
  47  5:55  Drone  
  47  5:56  Drone x4  
  54  6:04  Drone  
  54  6:06  Lair  
  54  6:08  Drone  
  54  6:09  Extractor  
  55  6:17  Drone  
  55  6:18  Drone  
  53  6:42  Roach Warren, Drone  
  53  6:43  Overlord  
  53  6:44  Drone x2  
  55  6:53  Drone x4  
  59  6:59  Hatchery, Drone x2, Extractor  
  59  7:01  Extractor  
  58  7:09  Drone x2  
  58  7:10  Hatchery  
  59  7:20  Drone x2  
  61  7:24  Roach x2  
  61  7:29  Hydralisk Den  
  64  7:31  Evolution Chamber  
  64  7:32  Evolution Chamber  
  64  7:36  Drone  
  63  7:37  Drone  
  63  7:38  Zergling x6  
  63  7:43  Overlord  
  63  7:44  Overlord  
  67  7:55  Spine Crawler  
  67  7:56  Overlord  
  67  7:57  Spine Crawler  
  67  7:58  Spine Crawler x2  
  63  8:12  Grooved Spines  
  63  8:16  Zerg Missile Weapons Level 1  
  63  8:17  Lurker Den  
  63  8:19  Zerg Ground Armor Level 1  
  62  8:20  Drone x2  
  62  8:21  Drone x3  
  62  8:24  Hatchery  
  65  8:50  Hydralisk x2  
  65  8:51  Hydralisk  
  65  8:54  Hydralisk x2  
  60  9:10  Roach x6  
  72  9:18  Roach x3  
  77  9:27  Hatchery  
  76  9:32  Roach x2  
  80  9:45  Hatchery  
  79  9:52  Lurker x3  
  82  9:53  Hydralisk x3  
  82  9:58  Drone x3  
  91  10:13  Muscular Augments  
  91  10:14  Glial Reconstitution  
  91  10:17  Zerg Missile Weapons Level 2  
  91  10:19  Overlord  
  91  10:22  Overlord x4  
  91  10:36  Overlord x2  
  91  10:38  Spore Crawler  
  91  10:41  Spore Crawler  
  89  10:45  Hydralisk x2  
  89  10:46  Hydralisk  
  95  10:53  Hydralisk x2  
  95  11:13  Roach x10  
  115  11:21  Ravager  
  116  11:30  Ravager  
  116  11:32  Zergling x22  
  121  11:38  Zergling x2  
  122  11:44  Queen  
  122  11:45  Drone x2  
  122  11:46  Drone  
  127  11:47  Roach  
  127  11:54  Roach x2  
  129  11:59  Hydralisk x2  
  133  12:07  Hydralisk x2  
  133  12:13  Hydralisk x2  
  130  12:24  Drone  
  117  12:44  Burrow, Hydralisk  
  109  12:45  Hydralisk x3  
  109  12:48  Hydralisk  
  110  12:56  Hydralisk x2  
  104  13:04  Drone x2  
  104  13:05  Drone x3  
  109  13:06  Drone  
  109  13:11  Hydralisk  
  112  13:21  Hydralisk x2  
  116  13:30  Extractor  
  116  13:33  Extractor  
  114  13:34  Spore Crawler x2  
  112  13:43  Hydralisk x4  
  112  13:48  Drone x3  
  123  14:00  Hydralisk x3  
  123  14:01  Hydralisk  
  127  14:05  Drone  
  127  14:06  Drone  
  130  14:10  Drone x2  
Tags
 
Add a new tag
Caveats
  • Supply blocks, unpowered buildings, or Contaminate may cause inaccurate times.
  • Supply counts are checked every 10 seconds.